 Dungeon Crawl Stone Soup version 0.20-a0-526-g753eaab (webtiles) character file.

13230 Klosterheim the Spear-Bearer (level 11, 0/102 HPs)
             Began as a Minotaur Fighter on Jan 26, 2017.
             Was an Elder of Okawaru.
             Slain by a wolf (3 damage)
             ... on level 1 of the Lair of Beasts.
             The game lasted 00:31:05 (12558 turns).

Klosterheim the Spear-Bearer (Minotaur Fighter)    Turns: 12558, Time: 00:31:06

Health: 0/102      AC: 22    Str: 24    XL:     11   Next: 72%
Magic:  14/14      EV: 11    Int:  5    God:    Okawaru [****..]
Gold:   600        SH:  0    Dex: 10    Spells: 10/10 levels left

rFire    + . .     SeeInvis .   I - +0 glaive
rCold    . . .     Gourm    .   M - +3 chain mail {rF+}
rNeg     . . .     Faith    .   (shield currently unavailable)
rPois    .         Spirit   .   (helmet restricted)
rElec    .         Reflect  .   C - +0 cloak
rCorr    .         Harm     .   z - +2 pair of gloves
MR       .....                  (no boots)
Stlth    ..........             (no amulet)
Regen    0.3/turn               s - ring of wizardry
                                (no ring)

@: heroism
A: retaliatory headbutt, horns 2
a: Heroism, Renounce Religion


You were on level 1 of the Lair of Beasts.
You worshipped Okawaru.
Okawaru was greatly pleased with you.
You were very hungry.

You visited 3 branches of the dungeon, and saw 13 of its levels.

You collected 600 gold pieces.

Inventory:

Hand Weapons
 I - a +0 glaive (weapon)
Armour
 z - a +2 pair of gloves (worn)
 C - a +0 cloak (worn)
 M - a +3 chain mail of fire resistance (worn)
Jewellery
 p - an uncursed ring of fire
 s - a ring of wizardry (right hand)
Wands
 e - a wand of digging (5/24)
 k - a wand of polymorph (13/24)
 n - a wand of lightning (2/15)
 w - a wand of digging (12/24)
 K - a wand of polymorph (14/24)
 O - a wand of digging (9/24)
Scrolls
 a - a scroll of enchant weapon {unknown}
 b - a scroll of acquirement {unknown}
 g - 2 scrolls of brand weapon {unknown}
 h - 5 scrolls of remove curse
 i - a scroll of fog
 j - 5 scrolls of teleportation
 o - 8 scrolls of identify
 u - 3 scrolls of recharging {unknown}
 v - a scroll of enchant armour
 F - a scroll of vulnerability {unknown}
 J - a scroll of immolation
Potions
 c - a potion of flight {unknown}
 d - 3 potions of might
 l - 2 potions of haste
 m - 3 potions of curing
 x - a potion of lignification
 A - 2 potions of brilliance
 H - a potion of cure mutation {unknown}
 S - a potion of resistance {unknown}
Books
 q - a book of Minor Magic

   Spells                             Type                      Level
   a - Magic Dart                     Conjuration                  1
   b - Blink                          Translocation                2
   c - Call Imp                       Summoning                    2
   d - Repel Missiles                 Charms/Air                   2
   e - Slow                           Hexes                        2
   f - Conjure Flame                  Conjuration/Fire             3
   g - Mephitic Cloud                 Conjuration/Poison/Air       3
 t - a book of Fire

   Spells                             Type                      Level
   a - Ignite Poison                  Fire/Transmutation/Poison    3
   b - Fireball                       Conjuration/Fire             5
   c - Bolt of Fire                   Conjuration/Fire             6
   d - Delayed Fireball               Conjuration/Fire             7
   e - Ring of Flames                 Charms/Fire                  7
 y - a book of Cantrips

   Spells                             Type                      Level
   a - Confusing Touch                Hexes                        1
   b - Animate Skeleton               Necromancy                   1
   c - Summon Small Mammal            Summoning                    1
   d - Apportation                    Translocation                1
 L - a book of Frost

   Spells                             Type                      Level
   a - Freeze                         Ice                          1
   b - Throw Frost                    Conjuration/Ice              2
   c - Ozocubu's Armour               Charms/Ice                   3
   d - Throw Icicle                   Conjuration/Ice              4
   e - Summon Ice Beast               Ice/Summoning                4
 Q - a Young Poisoner's Handbook

   Spells                             Type                      Level
   a - Sting                          Conjuration/Poison           1
   b - Poisonous Vapours              Poison/Air                   2
   c - Mephitic Cloud                 Conjuration/Poison/Air       3
   d - Olgreb's Toxic Radiance        Poison                       4
   e - Venom Bolt                     Conjuration/Poison           5
Miscellaneous
 R - a sack of spiders
Comestibles
 f - 6 bread rations
 E - a royal jelly
 N - 3 fruits
 P - a meat ration


   Skills:
 - Level 11.2(16.2) Fighting
 - Level 14.6(19.6) Polearms
 * Level 11.4(16.4) Armour
   Level 3.7(8.7) Shields
 * Level 5.7 Invocations


You had 10 spell levels left.
You didn't know any spells.

Dungeon Overview and Level Annotations

Branches:
Dungeon (11/15)            Temple (1/1) D:5            Lair (1/6) D:11
    Orc (0/2) D:10

Altars:
Ashenzari
Cheibriados
Dithmenos
Elyvilon
Fedhas
Gozag
Hepliaklqana
Kikubaaqudgha
Makhleb
Nemelex Xobeh
Okawaru
Qazlal
Ru
Sif Muna
Trog
Uskayaw
Vehumet
Xom
Yredelemnul
Zin
The Shining One

Shops:
D:4 !   D:5 ?   D:11 [


Innate Abilities, Weirdness & Mutations

You reflexively headbutt those who attack you in melee.
You have a pair of horns on your head.


Message History

The wolf bites you but does no damage. x3; The wolf bites you.
* * * LOW HITPOINT WARNING * * *
The wolf bites you.
* * * LOW HITPOINT WARNING * * *
The wolf bites you but does no damage. x2
Okay, then.
Unknown command.
Evoke which item? (* to show all) (? for menu, Esc to quit)
Okay, then.
It was a potion of cancellation.
Your magical effects are unravelling.
You feel magically purged.
You feel less wooden.
Your +0 cloak unmelds from your body.
Your +2 pair of gloves unmelds from your body.
Your +3 chain mail of fire resistance unmelds from your body.
You feel resistant to fire. The wolf bites you.
* * * LOW HITPOINT WARNING * * *
The wolf bites you but does no damage. The wolf bites you.
You die...

.............#*+***,,,,,,,,,,,,,,
.##.##.......##..,*,,,,,*********
......#..........**,,...#******,*
.............+..,**.....+,,,,,,,*
......#.......#,,,#.....#*,,,,,,*
.............##,,*#.....+,,,,,,,*
......#......#**###.....#*,,,,,,*
#.##.##......####h#.....#,,,,,,**
..............hh@hh.....#..,,,,*,
...............hhh......%.,,,,,,*
................h.../.♣.♣.%,,,,,,
..................†........,,,,,,
.....................♣....h,,,,,,
............###+.###.......,,,,,,
######.#....#,.....*♣.%....,,,,,,
,,,,,..#....#......,*...%..,,,,,,
,,,,,,,....,P.......,....h.,,,,,,


You could see 9 wolves.

Vanquished Creatures
  A centaur warrior (D:11)
  An ugly thing (D:11)
  2 manticores (D:11)
  A gargoyle (D:10)
  A kobold demonologist (D:11)
  A hornet (D:8)
  Grinder (D:3)
  5 hippogriffs
  A wyvern (D:10)
  The ghost of Graouh the Covered, an amateur MiFi (D:5)
  2 steam dragons
  11 yaks (D:11)
  3 hungry ghosts
  2 wargs (D:11)
  A water moccasin (Lair:1)
  8 orc warriors
  A sky beast (D:6)
  3 ice beasts
  An eye of draining (D:8)
  5 ogres
  3 phantoms
  2 wolves (Lair:1)
  11 centaurs
  A crocodile (D:11)
  8 bullfrogs
  2 wyvern zombies
  A water moccasin zombie (D:10)
  7 wights
  3 howler monkeys
  An electric eel (D:10)
  4 crimson imps
  2 jellies
  A quasit (D:10)
  5 hounds
  16 orc priests
  A gnoll shaman (D:7)
  2 centaur skeletons
  16 orc wizards
  A bullfrog skeleton (D:10)
  10 worker ants
  2 iguanas
  A killer bee zombie (D:8)
  A hound zombie (D:5)
  A hound skeleton (D:4)
  A howler monkey zombie (D:9)
  A worker ant zombie (D:7)
  Robin (D:4)
  8 gnolls
  12 adders
  3 shadow imps
  2 oozes
  An adder zombie (D:6)
  A dart slug (D:4)
  5 leopard geckos
  50 orcs
  A ball python (D:1)
  8 giant cockroaches
  18 goblins
  7 hobgoblins
  19 jackals
  6 kobolds
  8 quokkas
  4 bats
  A frilled lizard (D:4)
  A jackal skeleton (D:4)
  2 leopard gecko skeletons
  2 leopard gecko zombies
  3 quokka zombies
  5 rats
324 creatures vanquished.

Vanquished Creatures (collateral kills)
  3 wolves (Lair:1)
3 creatures vanquished.

Vanquished Creatures (others)
  A hound (D:6)
1 creature vanquished.

Grand Total: 328 creatures vanquished

Notes
Turn   | Place    | Note
-------+----------+-------------------------------------------
     0 | D:1      | Klosterheim the Minotaur Fighter began the quest for the Orb.
     0 | D:1      | Reached XP level 1. HP: 19/19 MP: 0/0
   181 | D:1      | Reached XP level 2. HP: 27/27 MP: 1/1
   452 | D:1      | Reached skill level 3 in Polearms
   920 | D:2      | Found a sacrificial altar of Ru.
   931 | D:2      | Became a worshipper of Ru the Awakened
  1001 | D:2      | Reached XP level 3. HP: 30/33 MP: 2/2
  1142 | D:2      | Reached skill level 4 in Polearms
  1332 | D:2      | Reached XP level 4. HP: 41/41 MP: 3/3
  1337 | D:2      | Found a snail-covered altar of Cheibriados.
  1495 | D:3      | Found a basalt altar of Yredelemnul.
  1534 | D:3      | Noticed Grinder
  1565 | D:3      | Paralysed by Grinder for 3 turns
  1572 | D:3      | Killed Grinder
  1572 | D:3      | Reached skill level 5 in Fighting
  1572 | D:3      | Reached skill level 6 in Polearms
  1572 | D:3      | Reached XP level 5. HP: 19/48 MP: 4/4
  1899 | D:3      | Reached XP level 6. HP: 51/56 MP: 5/5
  2314 | D:4      | Reached skill level 7 in Polearms
  2518 | D:4      | Found a bloodstained altar of Trog.
  2584 | D:4      | Found Dukem's Distillery.
  2591 | D:4      | Noticed Robin
  2729 | D:3      | Reached XP level 7. HP: 52/63 MP: 6/6
  2751 | D:4      | Killed Robin
  3200 | D:4      | Reached skill level 8 in Polearms
  3438 | D:5      | Entered Level 5 of the Dungeon
  3467 | D:5      | Noticed Graouh's ghost (amateur MiFi)
  3806 | D:5      | Killed Graouh's ghost
  3806 | D:5      | Reached skill level 9 in Polearms
  3806 | D:5      | Reached XP level 8. HP: 28/73 MP: 7/7
  4022 | D:5      | Found a staircase to the Ecumenical Temple.
  4033 | D:5      | Found Nehenacits's Magic Scroll Shoppe.
  4061 | Temple   | Entered the Ecumenical Temple
  4280 | Temple   | Fell from the grace of Ru
  4280 | Temple   | Became a worshipper of Warmaster Okawaru
  4563 | D:5      | Found a glowing golden altar of the Shining One.
  4607 | D:5      | Reached skill level 10 in Polearms
  4684 | D:5      | Got a steaming leather armour
  4685 | D:5      | Identified the +2 leather armour of Fedhas's Scorn {Stlth+} (You found it on level 5 of the Dungeon)
  5061 | D:6      | Reached * piety under Okawaru
  5249 | D:6      | Reached skill level 11 in Polearms
  5617 | D:6      | Reached XP level 9. HP: 76/83 MP: 8/8
  5693 | D:6      | Found a stormy altar of Qazlal.
  6069 | D:7      | Found a burning altar of Makhleb.
  6427 | D:7      | Reached skill level 12 in Polearms
  6542 | D:7      | Found an opulent altar of Gozag.
  6542 | D:7      | Found a glowing silver altar of Zin.
  6568 | D:7      | Reached ** piety under Okawaru
  7093 | D:8      | Reached skill level 10 in Fighting
  7133 | D:8      | Reached skill level 13 in Polearms
  7991 | D:8      | Reached *** piety under Okawaru
  7991 | D:8      | Reached XP level 10. HP: 84/94 MP: 9/9
  8050 | D:8      | Found a shimmering altar of Xom.
  8546 | D:9      | Reached skill level 14 in Polearms
  8568 | D:9      | Paralysed by a hornet for 2 turns
  8577 | D:8      | Paralysed by a hornet for 3 turns
  8920 | D:9      | Reached **** piety under Okawaru
  9198 | D:10     | Entered Level 10 of the Dungeon
  9537 | D:10     | Reached skill level 5 in Armour
 10413 | D:10     | Noticed a gargoyle
 10427 | D:10     | Killed a gargoyle
 10614 | D:10     | Found a staircase to the Orcish Mines.
 11085 | D:11     | Noticed a centaur warrior
 11088 | D:11     | Killed a centaur warrior
 11088 | D:11     | Reached ***** piety under Okawaru
 11088 | D:11     | Reached XP level 11. HP: 102/102 MP: 10/10
 11089 | D:11     | Received a gift from Okawaru
 11128 | D:11     | Reached skill level 1 in Invocations
 11412 | D:11     | Found a staircase to the Lair.
 11445 | D:11     | Found Ozixe's Armour Boutique.
 11494 | D:11     | Reached skill level 10 in Armour
 12049 | D:11     | Reached skill level 5 in Invocations
 12280 | D:11     | Noticed a green ugly thing
 12286 | D:11     | Killed a green ugly thing
 12436 | Lair:1   | Entered Level 1 of the Lair of Beasts
 12556 | Lair:1   | HP: 6/153 [wolf (5)]
 12558 | Lair:1   | Slain by a wolf

Vault maps used:
D:1:      dpeg_arrival_stonehenge_12_columns
D:2:      marbit_many_paths, overflow_temple_1_default
D:3:      yredelemnul_altar_generic, first_bread, uniq_grinder
D:4:      lemuel_coloured_pillars_altar, serial_shops, shop, grunt_ministairs_9,
          minmay_misc_feat_ornament, uniq_robin
D:5:      tso_oasis_becter, minmay_temple_entry_junction, serial_shops,
          shop_statue
D:6:      grunt_qazlal_clouds
D:7:      grunt_temple_overflow_gold_and_silver, lemuel_crystal_altar
D:8:      kennysheep_mini_moat
D:10:     erik_orc_2, bh_chokoban
D:11:     erik_lair_orcish_takeover, serial_shops, shop
Temple:   minmay_temple_curvy_loop
Lair:1:   grunt_forest_large_clearings

Skill      XL: |  1  2  3  4  5  6  7  8  9 10 11 |
---------------+----------------------------------+-----
Polearms       | 3 4 6 7 9 11 13 14 | 14.6
Fighting       | 4 5 6 7 9 10 11 | 11.2
Armour         | 9 11 | 11.4
Invocations    | 5 |  5.7
Shields        | |  3.7

Action                   |  1- 3 |  4- 6 |  7- 9 | 10-12 || total
-------------------------+-------+-------+-------+-------++-------
Melee: Trident           |    86 |   142 |   496 |   261 ||   985
       Headbutt          |     8 |    14 |    82 |    65 ||   169
       Halberd           |       |       |       |    25 ||    25
       Glaive            |       |       |       |   175 ||   175
Invok: Reject Sacrifices |       |     1 |       |       ||     1
       Heroism           |       |       |       |     7 ||     7
Evoke: Sack of spiders   |       |       |       |     1 ||     1
  Use: Scroll            |       |       |    14 |     3 ||    17
       Potion            |       |       |     1 |     7 ||     8
  Eat: Chunk             |     1 |     4 |    13 |    15 ||    33
       Fruit             |       |       |     3 |       ||     3
       Royal jelly       |       |       |     1 |       ||     1
       Meat ration       |       |       |       |     1 ||     1
Armor: Scale mail        |    28 |    41 |    77 |       ||   146
       Plate armour      |       |       |    89 |   239 ||   328
       Skin              |       |       |       |   107 ||   107
       Chain mail        |       |       |       |    26 ||    26
Dodge: Dodged            |    26 |    26 |    46 |   117 ||   215
Block: Shield            |    22 |    62 |   143 |    88 ||   315
